 Dungeon Crawl Stone Soup version 0.28.0 (webtiles) character file.

Game seed: 14725378992402521294

3 ProzacElf the Magician (level 1, 7/13 HPs)
             Began as a Demonspawn Hedge Wizard on Feb 4, 2022.
             Got out of the dungeon alive.
             The game lasted 00:00:53 (89 turns).

ProzacElf the Magician (Demonspawn Hedge Wizard)      Turns: 89, Time: 00:00:54

Health: 7/13       AC:  2    Str: 10    XL:     1   Next: 41%
Magic:  1/4        EV: 12    Int: 15    God:
Gold:   12         SH:  0    Dex: 12    Spells: 5/6 levels left

rFire   . . .      SeeInvis .   a - +0 dagger
rCold   . . .      Faith    .   (no shield)
rNeg    . . .      Spirit   .   b - +0 robe
rPois   .          Reflect  .   c - +0 hat
rElec   .          Harm     .   (no cloak)
rCorr   .          Rampage  .   (no gloves)
Will    .....                   (no boots)
Stlth   ++........              (no amulet)
HPRegen 0.04/turn               (no ring)
MPRegen 0.09/turn               (no ring)

@: no status effects
A: no striking features
a: no special abilities


You escaped.
You visited 1 branch of the dungeon, and saw 1 of its levels.

You collected 12 gold pieces.

Inventory:

Hand Weapons
 a - a +0 dagger (weapon)
Armour
 b - a +0 robe (worn)
 c - a +0 hat (worn)
Potions
 d - a potion of mutation {unknown}


   Skills:
 - Level 1.7 Dodging
 + Level 1.9 Stealth
 - Level 3.0 Spellcasting
 + Level 1.1 Conjurations
 + Level 1.1 Summonings
 - Level 0.8 Translocations


You had 5 spell levels left.
You knew the following spells:

 Your Spells              Type           Power      Damage    Failure   Level
a - Magic Dart            Conj           20%        1d4       12%         1

Your spell library contained the following spells:

 Spells                   Type           Power      Damage    Failure   Level
 Call Imp                 Summ           5%         N/A       19%         2
 Slow                     Hex            8%         N/A       21%         1
 Blink                    Tloc           8%         N/A       22%         2
 Conjure Flame            Conj/Fire      4%         6-21      43%         3
 Mephitic Cloud           Conj/Pois/Air  3%         N/A       45%         3


Dungeon Overview and Level Annotations

Branches:
Dungeon (1/15)

Altars:


Message History

A ball python comes inta view.
Ye now haf 1/4 mp.
Castin': Magic Dart (safe; 12% risk o' failure) Confirm wit' . or Enter, or press ? or * ta list all spells.
Aimin': Magic Dart (safe; 12% risk o' failure)
Press: ? - help, Shift-Dir - straight line, f - quokka
Aim: a quokka (100% ta hit) Tha magic dart hits tha quokka.
Tha quokka be heavily wounded.
Tha ball python hisses angrily.
Ye hear a shout!
A gnoll comes inta view.
It be wieldin' a +0 whip.
Ye now haf 0/4 mp.
Yer magical contamination has completely faded away.
Thar be a large op'n door 'ere.
Ye barely miss tha quokka.
Tha quokka be heavily wounded.
Tha quokka bites ye.
Ye take 2 damage, an' haf 11/13 hp.
Ye barely miss tha quokka.
Yer punch misses tha quokka.
Tha quokka be heavily wounded.
Tha quokka barely misses ye.
Ye hit tha quokka but do nay damage.
Tha quokka be heavily wounded.
Tha quokka bites ye.
Ye take 2 damage, an' haf 9/13 hp.
Ye barely miss tha quokka.
Tha quokka be heavily wounded.
Tha quokka barely misses ye.
Tha ball python bites ye but does nay damage.
Tha ball python closely misses ye.
Tha quokka closely misses ye.
Tha ball python closely misses ye. x2
Thar be a staircase leadin' outta tha dungeon 'ere.
Be ye sure ye want ta leave tha Dungeon? 'tis will make ye lose tha game!
Tha ball python barely misses ye.
Tha ball python grabs ye.
Ye stop ascendin' tha stairs.
Tha ball python constricts ye.
Ye take 1 damage, an' haf 8/13 hp.
Be ye sure ye want ta leave tha Dungeon? 'tis will make ye lose tha game!
Ye 'scape tha ball python's grasp.
Tha ball python bites ye.
Tha ball python barely misses ye.
Tha quokka barely misses ye.
Ye haf 'scaped!

#.####.# ##
♣..##.##.#
♣..##g...#
♣)....†..# ♣.....#
######....##
#.g..#.#...####
#rS8.'........##
#@.8.'.........###
#....#............
######..........##
♣♣....†.....#
#♣...........#
#............#
#...........##
#.......(..##
############


You could see a gnoll, a quokka and a ball python.

Vanquished Creatures
  A ball python (D:1)
  A kobold (D:1)
  A rat (D:1)
3 creatures vanquished.

Notes
Turn   | Place    | Note
-------+----------+-------------------------------------------
     0 | D:1      | ProzacElf the Demonspawn Hedge Wizard began the quest for
                  | the Orb.
     0 | D:1      | Reached XP level 1. HP: 13/13 MP: 4/4
    89 | D:$      | Got out of the dungeon alive.

Illustrated notes

Levels and vault maps discovered:
D:1:      sevenhm_arrival_forest_fort_small_6, layout_rooms,
          roderic_roman_lattice

Action                   || total
-------------------------++-------
Melee: Dagger            ||     4
 Cast: Magic Dart        ||     6
Armor: Robe              ||     1
Dodge: Dodged            ||     9
